 Dungeon Crawl Stone Soup version 0.26-a0-376-g13fbb91ece (webtiles) character file.

Game seed: 17053052230881294441

116 ANON1729 the Conjurer (level 4, 0/33 HPs)
             Began as a Draconian Conjurer on July 20, 2020.
             Killed from afar by an orc wizard (7 damage)
             ... with a magic dart
             ... on level 3 of the Dungeon.
             The game lasted 00:04:43 (3232 turns).

ANON1729 the Conjurer (Draconian Conjurer)          Turns: 3232, Time: 00:04:44

Health: 0/33       AC:  5    Str: 10    XL:     4   Next: 70%
Magic:  1/8        EV: 12    Int: 19    God:
Gold:   79         SH:  0    Dex:  9    Spells: 6/9 levels left

rFire    x . .     SeeInvis .   j - staff of conjuration
rCold    + . .     Faith    .   (no shield)
rNeg     . . .     Spirit   .   (armour unavailable)
rPois    .         Reflect  .   (helmet restricted)
rElec    .         Harm     .   (no cloak)
rCorr    .                      (no gloves)
MR       .....                  (no boots)
Stlth    ++........             (no amulet)
HPRegen  0.11/turn              g - ring of ice
MPRegen  0.11/turn              (no ring)

@: lethally poisoned (0 -> -4), slowed, very slow
A: unfitting armour, cold-blooded, AC +5
a: no special abilities


You were on level 3 of the Dungeon.
You visited 1 branch of the dungeon, and saw 3 of its levels.

You collected 79 gold pieces.

Inventory:

Hand Weapons
 e - a +0 war axe of freezing
Magical Staves
 j - an uncursed staff of conjuration (weapon)
Jewellery
 g - a ring of ice (left hand)
Scrolls
 a - 3 scrolls of remove curse
 b - a scroll of teleportation {unknown}
 c - 5 scrolls of identify {unknown}
 f - 2 scrolls of amnesia {unknown}
 h - a scroll of noise {unknown}
 i - 2 scrolls of fear {unknown}
 l - 2 scrolls of enchant armour {unknown}
 m - a scroll of fog {unknown}
 p - a scroll of blinking {unknown}
Potions
 d - a potion of ambrosia {unknown}
 k - a potion of might {unknown}
 n - a potion of degeneration {unknown}
 o - a potion of curing {unknown}


   Skills:
 + Level 0.7 Staves
 + Level 2.3 Dodging
 + Level 2.4 Stealth
 * Level 3.0 Spellcasting
 * Level 4.7 Conjurations


You had 6 spell levels left.
You knew the following spells:

 Your Spells              Type           Power        Failure   Level
a - Magic Dart            Conj           ####         2%          1
b - Searing Ray           Conj           ####..       3%          2

Your spell library contained the following spells:

 Spells                   Type           Power        Failure   Level
 Conjure Flame            Conj/Fire      ###.....     17%         3
 Dazzling Flash           Conj/Hex       ###...       17%         3
 Blink                    Tloc           N/A          22%         2
 Call Imp                 Summ           #.......     22%         2
 Slow                     Hex            #.......     22%         2
 Mephitic Cloud           Conj/Pois/Air  ##......     24%         3
 Fulminant Prism          Conj/Hex       ###.......   50%         4
 Iskenderun's Mystic Bla  Conj/Tloc      ###.....     50%         4


Dungeon Overview and Level Annotations

Branches:
Dungeon (3/15)

Altars:
Hepliaklqana
Sif Muna


Innate Abilities, Weirdness & Mutations

Your plain brown scales are hard. (AC +5)
You cannot fit into any form of body armour.
You are cold-blooded and may be slowed by cold attacks.


Message History

The orc wizard casts a spell at you.
You feel as though you will be slow longer.
The orc completely misses you.
The orc wizard hits you but does no damage.
The worm barely misses you. The orc hits you with a +0 whip.
The orc wizard barely misses you.
You hit the orc wizard but do no damage.
The orc wizard is lightly wounded.
You feel sick. The orc wizard closely misses you.
The orc hits you but does no damage. The orc wizard barely misses you.
The worm bites you. The orc barely misses you.
The orc wizard hits you but does no damage.
You feel sick. The worm barely misses you.
You feel sick.
The orc wizard points at you and mumbles some strange words.
The magic dart hits you.
* * * LOW HITPOINT WARNING * * *
The orc wizard points at you and mumbles some strange words.
The magic dart hits you!
You die...

....##.....#
#......#
...........#
#......#
......######
#......# ......#
#......#######
......#
#.............
......#
#.........!...
#######
#..o....)..... #
######....†......
#
#...@ow..>.......
#.####...........
#...).......
#.[.........
#...........
#...........
#........ .......


You could see a worm and an orc wizard (fast).

Vanquished Creatures
  4 adders (D:3)
  An ooze (D:2)
  2 worms
  A dart slug (D:1)
  A leopard gecko (D:3)
  An orc (D:3)
  12 bats
  A giant cockroach (D:2)
  10 goblins
  5 hobgoblins
  5 jackals
  2 quokkas
  A ball python (D:3)
  3 frilled lizards
  6 kobolds
  8 rats
63 creatures vanquished.

Notes
Turn   | Place    | Note
-------+----------+-------------------------------------------
     0 | D:1      | ANON1729 the Draconian Conjurer began the quest for the
                  | Orb.
     0 | D:1      | Reached XP level 1. HP: 14/14 MP: 3/3
   359 | D:1      | Reached XP level 2. HP: 18/20 MP: 5/5
  1216 | D:1      | Learned a level 2 spell: Searing Ray
  1271 | D:1      | Reached XP level 3. HP: 26/26 MP: 6/6
  2360 | D:3      | Reached XP level 4. HP: 33/33 MP: 4/8
  2440 | D:3      | Found a hazy altar of Hepliaklqana.
  2885 | D:3      | Found a shimmering blue altar of Sif Muna.
  3232 | D:3      | Killed from afar by an orc wizard

Illustrated notes

Levels and vault maps discovered:
D:1:      dpeg_arrival_three_same_balls, layout_basic
D:2:      layout_loops_corners
D:3:      layout_basic, lemuel_crystal_altar, lemuel_coloured_pillars_altar

Skill      XL: |  1  2  3  4 |
---------------+-------------+-----
Stealth        | 2 |  2.4
Dodging        | 2 |  2.3
Spellcasting   | 3 |  3.0
Staves         | |  0.7
Conjurations   | |  4.7

Action                   |  1- 3 |  4- 6 || total
-------------------------+-------+-------++-------
Melee: Mace              |   121 |       ||   121
       Tailslap          |     8 |     1 ||     9
       Staff             |     1 |     9 ||    10
 Cast: Magic Dart        |    25 |    35 ||    60
       Searing Ray       |       |     2 ||     2
  Use: Scroll            |     1 |       ||     1
 Stab: Sleeping          |     2 |     1 ||     3
Armor: Skin              |    62 |     4 ||    66
Dodge: Dodged            |   114 |    16 ||   130

Table legend: (Time is in decaauts)
 A = Elapsed time spent in this place.
 B = Non-inter-level travel time spent in this place.
 C = Inter-level travel time spent in this place.
 D = Time resting spent in this place.
 E = Time spent auto-exploring this place.
 F = Levels seen in this place.
 G = Mean time per level.
                   A        B        C        D        E       F      G
               +--------+--------+--------+--------+--------+-----+--------+
         Total |   3282 |   3220 |     62 |   1184 |   1577 |   3 | 1094.0 |
       Dungeon |   3282 |   3220 |     62 |   1184 |   1577 |   3 | 1094.0 |
               +--------+--------+--------+--------+--------+-----+--------+
